 Dungeon Crawl Stone Soup version 0.23.2-1-ga50397a6bc (webtiles) character file.

Game seed: 5008098778513939730

7864 Ethylacetat the Arsonist (level 11, 0/61 HPs)
             Began as an Octopode Fire Elementalist on May 9, 2019.
             Was a Believer of Vehumet.
             Slain by an unseen horror (6 damage)
             ... on level 9 of the Dungeon.
             The game lasted 00:41:52 (11281 turns).

Ethylacetat the Arsonist (OpFE)                    Turns: 11281, Time: 00:41:52

Health: 0/61       AC:  5    Str:  7    XL:     11   Next: 21%
Magic:  23/23      EV: 13    Int: 22    God:    Vehumet [**....]
Gold:   530        SH:  0    Dex: 12    Spells: 20/26 levels left

rFire    . . .     SeeInvis .   (no weapon)
rCold    . . .     Gourm    .   (no shield)
rNeg     . . .     Faith    .   (helmet restricted)
rPois    .         Spirit   .   e - amulet of rage
rElec    .         Reflect  .   m - +4 ring of protection
rCorr    .         Harm     .   (no ring)
MR       .....                  (no ring)
Stlth    +++.......             (no ring)
HPRegen  0.20/turn              (no ring)
MPRegen  0.18/turn              (no ring)
                                (no ring)
                                (no ring)

@: no status effects
A: almost no armour, stealthy swim, amphibious, 8 rings, constrict 8, camouflage
1, gelatinous body 1
a: Renounce Religion, Evoke Berserk Rage


You were on level 9 of the Dungeon.
You worshipped Vehumet.
Vehumet was pleased with you.
You were not hungry.

You visited 2 branches of the dungeon, and saw 11 of its levels.

You collected 530 gold pieces.

Inventory:

Missiles
 C - 2 throwing nets (quivered)
Armour
 F - a +2 buckler
Jewellery
 e - an amulet of rage (around mantle)
 m - a +4 ring of protection (left tentacle)
Wands
 n - a wand of flame (5)
 z - a wand of scattershot (5)
 A - a wand of random effects (20)
Scrolls
 c - 5 scrolls of teleportation {unknown}
 f - a scroll of vulnerability {unknown}
 h - 12 scrolls of identify {unknown}
 i - 5 scrolls of remove curse {unknown}
 l - 2 scrolls of amnesia {unknown}
 p - 4 scrolls of enchant armour {unknown}
 q - a scroll of fear {unknown}
 s - a scroll of fog {unknown}
 v - 2 scrolls of noise {unknown}
 w - a scroll of random uselessness {unknown}
 y - a scroll of blinking {unknown}
Potions
 a - 3 potions of lignification {unknown}
 d - a potion of magic {unknown}
 g - a potion of might
 j - a potion of brilliance {unknown}
 k - 2 potions of curing
 o - 2 potions of heal wounds
 r - 2 potions of haste
 t - a potion of cancellation {unknown}
 u - a potion of flight {unknown}
 x - a potion of invisibility {unknown}
 B - a potion of mutation {unknown}
 D - a potion of experience {unknown}
 E - a potion of degeneration {unknown}
Comestibles
 b - 18 rations
 G - a chunk of flesh


   Skills:
 - Level 2.0 Dodging
 - Level 2.6 Stealth
 + Level 8.1 Spellcasting
 + Level 8.6 Conjurations
 * Level 12.2 Fire Magic


You had 20 spell levels left.
You knew the following spells:

 Your Spells              Type           Power        Failure   Level  Hunger
a - Flame Tongue          Conj/Fire      #####        1%          1    None
b - Fireball              Conj/Fire      ######....   2%          5    #####..

Your spell library contained the following spells:

 Spells                   Type           Power        Failure   Level  Hunger
 Static Discharge         Conj/Air       ####....     3%          3    None
 Throw Flame              Conj/Fire      ######       1%          2    None
 Conjure Flame            Conj/Fire      ######..     1%          3    None
 Inner Flame              Hex/Fire       #####...     1%          3    None
 Sticky Flame             Conj/Fire      ######..     1%          4    ###....
 Animate Skeleton         Necr           N/A          8%          1    None
 Confusing Touch          Hex            #.....       8%          1    None
 Pain                     Necr           #...         8%          1    None
 Confuse                  Hex            #.......     22%         3    None
 Gell's Gravitas          Tloc           #.........   22%         3    None
 Regeneration             Chrm/Necr      #.........   22%         3    None
 Vampiric Draining        Necr           #.........   22%         3    None
 Animate Dead             Necr           N/A          58%         4    ###....
 Petrify                  Tmut/Erth      #.......     58%         4    ###....
 Metabolic Englaciation   Hex/Ice        #.........   90%         5    #####..
 Yara's Violent Unravell  Hex/Tmut       #.........   90%         5    #####..


Dungeon Overview and Level Annotations

Branches:
Dungeon (10/15)            Temple (1/1) D:5
   Lair: D:8-11         Orc: D:9-12

Altars:
Ashenzari
Cheibriados
Dithmenos
Elyvilon
Fedhas
Gozag
Hepliaklqana
Kikubaaqudgha
Makhleb
Nemelex Xobeh
Okawaru
Qazlal
Ru
Sif Muna
Trog
Uskayaw
Vehumet
Wu Jian
Xom
Yredelemnul
Zin
The Shining One

Shops:
D:7 :


Innate Abilities, Weirdness & Mutations

You cannot wear most types of armour.
You are very stealthy in the water. (Stealth+)
You are amphibious.
You can wear up to eight rings at the same time.
You can use your tentacles to constrict eight enemies at once.
Your skin changes colour to match your surroundings (Stealth+).
Your rubbery body absorbs attacks. (AC +1, EV +1)


Message History

A yak, a shadow and a zombie come into view.
Something hits you.
Deactivating autopickup; reactivate with Ctrl-A.
The yak barely misses you.
The shadow slips into darkness.
The shadow flickers and vanishes!
The yak gores you! The yak gores you.
The yak bellows!
There is a stone staircase leading up, spattered with blood here.
Magic restored.
Something hits you but does no damage. The yak barely misses you.
The yak gores you. The bullfrog zombie hits you.
You climb upwards.
Reactivating autopickup.
There is a stone staircase leading down here.
Something hits you but does no damage.
Deactivating autopickup; reactivate with Ctrl-A.
The yak gores you! x2
* * * LOW HITPOINT WARNING * * *
You see here a sky beast corpse.
Something hits you.
You die...

.# ##.....##.........# .#
#......##.........# .#
#####......##.........#
.#####.......#.###.........###
.##......<.....###)........'.#
.##......)###....)..)......#.#
.##...........Y............#.#
.##........#.#>†...........#.#
...........#.#Y#@......#+#.#.####
........#........#...#.#.#.......
........#######..#.#.....#..#.##.
................[#.#.#.#......##.
###############.##.###.#.##.####.
#........#....# #.
#####.############. #...#
#....... #.### #.######


You could see a yak.

Vanquished Creatures
  Harold (D:8)
  3 two-headed ogres
  Maurice (D:8)
  Prince Ribbit (D:5)
  A hippogriff (D:8)
  A wyvern (D:7)
  Sigmund (D:3)
  4 hogs
  A human (D:6)
  A steam dragon (D:9)
  A hungry ghost (D:9)
  3 orc warriors
  An ice beast (D:8)
  2 sky beasts
  4 ogres
  A necrophage (D:9)
  2 centaurs
  2 phantoms (D:6)
  2 big kobolds (D:8)
  5 bullfrogs
  A gnoll sergeant (D:8)
  A wyvern zombie (D:8)
  4 killer bees
  2 vampire bats (D:4)
  3 howler monkeys
  A crimson imp (D:7)
  A jelly (D:5)
  A quasit (D:8)
  11 orc priests
  A centaur skeleton (D:6)
  2 orc wizards (D:8)
  3 iguanas
  6 worker ants
  A killer bee zombie (D:6)
  A worker ant zombie (D:8)
  A hound skeleton (D:8)
  7 gnolls
  15 adders
  2 shadow imps
  An ooze (D:5)
  3 worms (D:3)
  A dart slug (D:1)
  36 orcs
  3 bat skeletons (D:4)
  3 bat zombies (D:4)
  5 giant cockroaches
  11 hobgoblins
  4 jackals (D:1)
  17 kobolds
  8 quokkas
  2 ball pythons
  7 bats
  9 frilled lizards
  13 goblins
  A jackal skeleton (D:4)
  A jackal zombie (D:6)
  A leopard gecko zombie (D:6)
  4 rats
232 creatures vanquished.

Notes
Turn   | Place    | Note
-------+----------+-------------------------------------------
     0 | D:1      | Ethylacetat the Octopode Fire Elementalist began the quest
                  | for the Orb.
     0 | D:1      | Reached XP level 1. HP: 11/11 MP: 3/3
   136 | D:1      | Reached XP level 2. HP: 15/17 MP: 3/5
   641 | D:1      | Reached XP level 3. HP: 19/21 MP: 1/6
  1240 | D:2      | Found a white marble altar of Elyvilon.
  1241 | D:2      | Found a burning altar of Makhleb.
  1241 | D:2      | Found a shattered altar of Ashenzari.
  1418 | D:2      | Reached skill level 4 in Fire Magic
  1430 | D:2      | Reached XP level 4. HP: 27/27 MP: 2/7
  1437 | D:2      | Noticed an ogre
  1509 | D:2      | Killed an ogre
  1509 | D:2      | Reached XP level 5. HP: 6/31 MP: 1/9
  1980 | D:3      | Reached skill level 5 in Fire Magic
  1992 | D:3      | Reached XP level 6. HP: 21/36 MP: 0/10
  2314 | D:3      | Noticed Sigmund
  2345 | D:3      | Killed Sigmund
  2419 | D:3      | Found a snail-covered altar of Cheibriados.
  2727 | D:3      | HP: 1/36 [orc priest/divine providence (15)]
  2728 | D:3      | Reached XP level 7. HP: 1/41 MP: 0/12
  3271 | D:4      | Reached skill level 6 in Fire Magic
  3546 | D:4      | Found a sacrificial altar of Ru.
  3912 | D:4      | Found an ancient bone altar of Kikubaaqudgha.
  4201 | D:5      | Entered Level 5 of the Dungeon
  4223 | D:5      | Found a staircase to the Ecumenical Temple.
  4233 | Temple   | Entered the Ecumenical Temple
  4272 | Temple   | Became a worshipper of Vehumet
  4395 | D:5      | Found a deep blue altar of Sif Muna.
  4494 | D:5      | Learned a level 5 spell: Fireball
  4696 | D:5      | Reached XP level 8. HP: 46/46 MP: 8/14
  4853 | D:5      | Noticed Prince Ribbit
  4863 | D:5      | Killed Prince Ribbit
  4863 | D:5      | Reached skill level 7 in Fire Magic
  5222 | D:6      | Reached skill level 5 in Spellcasting
  5222 | D:6      | Reached skill level 5 in Conjurations
  5433 | D:6      | Found an opulent altar of Gozag.
  5607 | D:6      | Reached skill level 8 in Fire Magic
  5782 | D:6      | Found a stormy altar of Qazlal.
  5788 | D:6      | Noticed a water elemental
  5788 | D:6      | Noticed an air elemental
  6056 | D:6      | Reached * piety under Vehumet
  6056 | D:6      | Offered knowledge of Magic Dart by Vehumet.
  6559 | D:7      | Reached XP level 9. HP: 51/51 MP: 9/17
  6739 | D:7      | Found Uprig's Book Emporium.
  7128 | D:6      | Reached skill level 9 in Fire Magic
  7841 | D:8      | Noticed a two-headed ogre
  7907 | D:8      | Noticed Harold
  7955 | D:8      | Reached skill level 10 in Fire Magic
  7960 | D:8      | Offered knowledge of Shock by Vehumet.
  8148 | D:7      | Reached ** piety under Vehumet
  8148 | D:7      | Reached XP level 10. HP: 51/56 MP: 12/19
  8195 | D:8      | Found a glowing golden altar of the Shining One.
  9504 | D:8      | Noticed Maurice
  9742 | D:8      | Noticed a two-headed ogre
  9746 | D:8      | Killed a two-headed ogre
  9746 | D:8      | Reached skill level 11 in Fire Magic
  9820 | D:8      | Found a hazy altar of Hepliaklqana.
 10153 | D:8      | Killed a two-headed ogre
 10223 | D:8      | Killed Maurice
 10292 | D:8      | Killed Harold
 10292 | D:8      | Reached XP level 11. HP: 26/61 MP: 4/22
 10594 | D:9      | Noticed a two-headed ogre
 10595 | D:9      | Offered knowledge of Static Discharge by Vehumet.
 10598 | D:9      | Killed a two-headed ogre
 10598 | D:9      | Reached skill level 12 in Fire Magic
 11223 | D:10     | Entered Level 10 of the Dungeon
 11281 | D:9      | Slain by an unseen horror

Skill      XL: |  1  2  3  4  5  6  7  8  9 10 11 |
---------------+----------------------------------+-----
Fire Magic     | 4 5 6 8 10 11 12 | 12.2
Conjurations   | 2 3 4 5 6 8 |  8.6
Spellcasting   | 3 4 5 6 7 8 |  8.1
Dodging        | |  2.0
Stealth        | |  2.6

Action                   |  1- 3 |  4- 6 |  7- 9 | 10-12 || total
-------------------------+-------+-------+-------+-------++-------
Melee: Unarmed           |    15 |    12 |    18 |     8 ||    53
       Constrict         |     5 |     4 |     2 |     2 ||    13
       Tentacles         |     4 |     2 |       |     2 ||     8
 Cast: Flame Tongue      |    53 |    86 |   255 |   129 ||   523
       Fireball          |       |       |    12 |    46 ||    58
  Use: Potion            |       |       |     4 |       ||     4
  Eat: Chunk             |     2 |     4 |    20 |    19 ||    45
       Ration            |       |       |       |     1 ||     1
Armor: Skin              |     2 |     6 |    28 |    11 ||    47
Dodge: Dodged            |    23 |    19 |   109 |    53 ||   204
